 Dungeon Crawl Stone Soup version 0.30.1-11-g7821555f0a (webtiles) character file.

Game seed: 4142245209488259800

186 astralcataclysm the Magician (level 5, -7/37 HPs)
             Began as a Djinni Fire Elementalist on Dec 28, 2023.
             Mangled by an iguana (9 damage)
             ... on level 3 of the Dungeon.
             The game lasted 00:15:03 (2307 turns).

astralcataclysm the Magician (DjFE)                 Turns: 2307, Time: 00:15:04

Health: -7/37      AC:  3    Str:  7    XL:     5   Next: 97%
Gold:   164        EV: 13    Int: 19    God:
                   SH:  0    Dex: 13

rFire   + + +        p - +2 dagger "Hell-Harrower" {vamp, Will++}
rCold   x x .        (no shield)
rNeg    + . .        a - +0 robe
rPois   ∞            (no helmet)
rElec   .            (no cloak)
rCorr   .            l - +0 pair of gloves
SInv    .            (boots unavailable)
Will    ++...        (no amulet)
Stlth   ++           b - ring of positive energy
HPRegen 0.26/turn    k - ring of fire
MPRegen 0.00/turn

%: infuse magic (-8 HP)
@: flying
A: sickness immunity, fire resistance 2, cold vulnerability 1, float, innate
caster, HP casting, extra vitality 1
a: no special abilities


You were on level 3 of the Dungeon.
You visited 1 branch of the dungeon, and saw 3 of its levels.

You collected 164 gold pieces.

Inventory:

Hand Weapons
 p - the +2 dagger "Hell-Harrower" (weapon) {vamp, Will++}
   (You found it on level 2 of the Dungeon)

   Will:      It greatly increases your willpower.
Armour
 a - a +0 robe (worn)
 l - a +0 pair of gloves (worn)
Jewellery
 b - a ring of positive energy (left hand)
 k - a ring of fire (right hand)
Wands
 m - a wand of digging (4)
 n - a wand of charming (12)
Scrolls
 d - a scroll of enchant armour {unknown}
 e - 5 scrolls of identify {unknown}
 o - a scroll of noise {unknown}
Potions
 c - a potion of heal wounds {unknown}
 f - a potion of lignification {unknown}
 g - a potion of flight {unknown}
 h - 2 potions of curing
 i - 2 potions of attraction {unknown}
 j - a potion of might {unknown}
 q - 2 potions of brilliance {unknown}


   Skills:
 + Level 1.5 Fighting
 - Level 0.1 Short Blades
 + Level 3.3 Dodging
 + Level 2.4 Stealth
 * Level 3.8 Spellcasting


You knew the following spells:

 Your Spells              Type           Power      Damage    Failure   Level
a - Foxfire               Conj/Fire      100%       2x1d9     3%          1
b - Scorch                Fire           54%        2d7       4%          2
c - Volatile Blastmotes   Fire/Tloc      54%        2d14      9%          3
d - Inner Flame           Hex/Fire       27%        N/A       9%          3
e - Flame Wave            Conj/Fire      27%        2d9       28%         4
f - Sandblast             Erth           36%        2d10      3%          1
g - Call Imp              Summ           36%        N/A       4%          2
Your spell library was empty.

Dungeon Overview and Level Annotations

Branches:
Dungeon (3/15)

Altars:

Shops:
D:1 [


Innate Abilities, Weirdness & Mutations

You are immune to sickness and miasma.
You are immune to poison.
Your flesh is very heat resistant. (rF++)
You are vulnerable to cold. (rC-)
You float through the air rather than walking.
You learn spells naturally, not from books.
Your magical power is your life essence.
You have superior vitality. (+4 MHP)


Message History

An endoplasm comes into view.
Your cerulean imp hits the gnoll with a -3 spear.
The foxfire hits the iguana.
The iguana is moderately wounded.
The foxfire hits the iguana.
The iguana is moderately wounded.
You feel a surge of power!
You conjure some foxfire!
Something completely misses your cerulean imp.
The iguana bites you.
Your cerulean imp closely misses the iguana.
The foxfire hits the iguana.
The iguana is heavily wounded.
The foxfire hits the iguana.
The iguana is severely wounded.
Something closely misses your cerulean imp.
You feel a surge of power!
You conjure some foxfire!
The iguana bites you.
Your cerulean imp hits the iguana but does no damage.
Your foxfire dissipates!
The iguana attacks as you move away! The iguana closely misses you.
Found a sedimented puce potion.
The foxfire hits the iguana.
The iguana is severely wounded.
The gnoll barely misses your cerulean imp.
Your cerulean imp hits the iguana but does no damage.
You feel a surge of power!
You conjure some foxfire!
The endoplasm barely misses you. The iguana bites you!
* * * LOW HITPOINT WARNING * * *
Your cerulean imp closely misses the iguana.
The iguana attacks as you move away! The iguana bites you!
* * * LOW HITPOINT WARNING * * *
A bat comes into view.
Found 8 gold pieces.
The foxfire hits the iguana.
The iguana is almost dead.
The foxfire hits the iguana but does no damage.
The iguana is almost dead.
It was a potion of curing.
You feel better. The endoplasm freezes you.
You are frozen!
You feel a terrible chill!
* * * LOW HITPOINT WARNING * * *
The iguana bites you!
You die...

..............
....#......^.$
.)##......... .##
##).#.........
....##.............
#.....g.5........ .
####.<........... .
#...##Jl.......
........§§@.......
#
...######..........
. .. ....#..(....#
. #b....##.......
#....! ..####.
#..... #.. . ......
#.# # #... ..


You could see an iguana (ally target), a gnoll, an endoplasm, a bat (asleep) and
a friendly cerulean imp (summoned).

Vanquished Creatures
  An orc priest (D:3)
  A hound (D:3)
  3 adders (D:2)
  2 gnolls (D:3)
  A dart slug (D:2)
  4 orcs
  4 ball pythons
  8 bats
  8 endoplasms
  9 giant cockroaches
  7 goblins
  3 hobgoblins
  6 quokkas
  A frilled lizard (D:1)
  5 kobolds (D:1)
  6 rats
69 creatures vanquished.

Vanquished Creatures (others)
  159 foxfires
159 creatures vanquished.

Grand Total: 228 creatures vanquished

Notes
Turn   | Place    | Note
-------+----------+-------------------------------------------
     0 | D:1      | astralcataclysm the Djinni Fire Elementalist began the
                  | quest for the Orb.
     0 | D:1      | astralcataclysm set off with the following spells
                  | memorised: Foxfire, Scorch, Volatile Blastmotes, Inner
                  | Flame, Flame Wave.
     0 | D:1      | Reached XP level 1. HP: 15/15 MP: 0/0
    36 | D:1      | Found Runolaecw's Antique Armour Emporium.
   180 | D:1      | Reached XP level 2. HP: 21/21 MP: 0/0
   493 | D:1      | Reached XP level 3. HP: 22/25 MP: 0/0
   493 | D:1      | Learned a level 1 spell: Sandblast
  1277 | D:2      | Reached XP level 4. HP: 29/31 MP: 0/0
  1357 | D:2      | Identified the +0 leather armour of Lipiezol {rN+ MP-9
                  | Str+4}
  1543 | D:2      | Identified the +2 dagger "Hell-Harrower" {vamp, Will++}
  2040 | D:2      | Reached XP level 5. HP: 32/36 MP: 0/0
  2040 | D:2      | Learned a level 2 spell: Call Imp
  2042 | D:2      | Reached skill level 1 in Fighting
  2083 | D:2      | Found a faded altar of an unknown god.
  2306 | D:3      | HP: 1/37 [iguana (9)]
  2307 | D:3      | Mangled by an iguana

Illustrated notes

Levels and vault maps discovered:
D:1:      elethiomel_arrival_shortcut, layout_basic, serial_shops, shop,
          serial_bayou_pond_e
D:2:      minmay_roachtagon, layout_loops_ring,
          hellmonk_ecumenical_altar_leap_of_faith
D:3:      layout_rooms

Skill      XL: |  1  2  3  4  5 |
---------------+----------------+-----
Spellcasting   | 3 |  3.8
Stealth        | 2 |  2.4
Fighting       | 1 |  1.5
Dodging        | 3 |  3.3
Short Blades   | |  0.1

Action                     |  1- 3 |  4- 6 || total
---------------------------+-------+-------++-------
  Melee: Short sword       |    10 |       ||    10
         Dagger            |       |     1 ||     1
   Cast: Foxfire           |    47 |    72 ||   119
         Call Imp          |       |     2 ||     2
         Volatile Blastmot |       |     1 ||     1
    Use: Potion            |       |     1 ||     1
 Armour: Robe              |     6 |    12 ||    18
  Dodge: Dodged            |    17 |    39 ||    56
